 Dungeon Crawl Stone Soup version 0.31.0-32-g396128a36d (webtiles) character file.

Game seed: 7101841335794065094

49841 Peloso the Fencer (level 14, -5/126 (130) HPs)
             Began as a Minotaur Fighter on Mar 9, 2024.
             Was a High Priest of Okawaru.
             Shot with an arrow by Nessos (16 damage)
             ... on level 2 of the Orcish Mines.
             The game lasted 00:37:09 (17948 turns).

Peloso the Fencer (Minotaur Fighter)               Turns: 17948, Time: 00:37:09

HP:   -5/126 (130)  AC: 22    Str: 23    XL:     14   Next: 17%
MP:   14/14         EV: 11    Int:  5    God:    Okawaru [*****.]
Gold: 1357          SH:  8    Dex: 19    Spells: 13/13 levels left

rFire   . . .        a - +0 scimitar
rCold   + . .        d - +0 buckler
rNeg    . . .        L - +0 plate armour
rPois   .            (helmet restricted)
rElec   +            N - +0 cloak
rCorr   .            E - +1 pair of gloves
SInv    +            u - +0 pair of boots
Will    ++...        F - amulet of regeneration Stlth
                     M - ring "Cielunef" {rElec rC+ Will+ SInv}
HPRegen 1.21/turn    p - +6 ring of dexterity
MPRegen 0.14/turn

%: no passive effects
@: lightly drained
A: horns 2, retaliatory headbutt
a: Renounce Religion, Heroism, Finesse, Duel


You were on level 2 of the Orcish Mines.
You worshipped Okawaru.
Okawaru was extremely pleased with you.
You visited 4 branches of the dungeon, and saw 18 of its levels.
You also visited: Bailey and Gauntlet.

You collected 1391 gold pieces.
You spent 34 gold pieces at shops.

Inventory:

Hand Weapons
 a - a +0 scimitar (weapon)
 b - a +1 hand axe of flaming
 c - a +3 long sword
Armour
 d - a +0 buckler (worn)
 u - a +0 pair of boots (worn)
 E - a +1 pair of gloves (worn)
 J - a +2 scale mail of fire resistance
 L - a +0 plate armour (worn)
 N - a +0 cloak (worn)
Jewellery
 j - a +6 ring of strength
 p - a +6 ring of dexterity (right hand)
 F - an amulet of regeneration (around neck)
 K - a ring of see invisible
 M - the ring "Cielunef" (left hand) {rElec rC+ Will+ SInv}
   (You found it in a Gauntlet)

   [ring of willpower]

   rC+:       It protects you from cold.
   rElec:     It insulates you from electricity.
   Will+:     It increases your willpower.
   SInv:      It lets you see invisible.
 Q - a +5 ring of evasion
 R - a +4 ring of protection
 S - the amulet "Medghui" {Reflect rPois rN+ Str-2 Int+3 SH+5}
   (You found it in a Gauntlet)

   [amulet of reflection]

   Reflect:   It reflects blocked missile attacks.
   Str-2:     It affects your strength (-2).
   Int+3:     It affects your intelligence (+3).
   rPois:     It protects you from poison rN+: It protects you from negative
   energy.
   SH+5:      It affects your SH (+5).
Wands
 q - a wand of polymorph (3)
 r - a wand of quicksilver (26)
 s - a wand of flame (20)
 y - a wand of paralysis (22)
 P - a wand of iceblast (15)
Scrolls
 g - a scroll of poison
 i - 3 scrolls of enchant weapon
 l - a scroll of summoning {unknown}
 o - 3 scrolls of teleportation
 w - a scroll of fog {unknown}
 x - a scroll of revelation
 A - a scroll of brand weapon
 C - 2 scrolls of noise
 G - a scroll of enchant armour {unknown}
 O - a scroll of blinking {unknown}
 V - a scroll of identify
Potions
 f - 2 potions of invisibility
 h - 7 potions of resistance
 k - a potion of might
 m - 2 potions of cancellation
 n - 3 potions of mutation
 t - 2 potions of haste
 v - a potion of experience {unknown}
 B - a potion of magic {unknown}
 D - 3 potions of curing
 H - 5 potions of ambrosia {unknown}
 I - 2 potions of enlightenment {unknown}
 U - a potion of lignification {unknown}
Miscellaneous
 T - a lightning rod (4/4)


   Skills:
 + Level 13.8 Fighting
 + Level 16.4 Long Blades
 + Level 2.5 Axes
 + Level 14.9 Armour
 + Level 7.2 Dodging
 + Level 2.2 Stealth
 + Level 12.7 Shields
 + Level 1.5 Invocations
 + Level 1.9 Evocations


You had 13 spell levels left.
You didn't know any spells.
Your spell library contained the following spells:

 Spells                   Type           Power      Damage    Failure   Level
 Apportation              Tloc           0%         N/A       99%         1
 Sandblast                Erth           0%         2d4       99%         1
 Slow                     Hex            0%         N/A       99%         1
 Blink                    Tloc           0%         N/A       100%        2
 Jinxbite                 Hex            0%         N/A       100%        2
 Lesser Beckoning         Tloc           0%         N/A       100%        2
 Momentum Strike          Conj/Tloc      0%         3d8       100%        2
 Confusing Touch          Hex            0%         N/A       100%        3
 Dazzling Flash           Conj/Hex       0%         N/A       100%        3
 Inner Flame              Hex/Fire       0%         N/A       100%        3
 Mephitic Cloud           Conj/Alch/Air  0%         N/A       100%        3
 Passwall                 Erth           0%         N/A       100%        3
 Sigil of Binding         Hex            0%         N/A       100%        3
 Stone Arrow              Conj/Erth      0%         3d7       100%        3
 Vampiric Draining        Necr           0%         2d6       100%        3
 Volatile Blastmotes      Fire/Tloc      0%         2d10      100%        3
 Brom's Barrelling Bould  Conj/Erth      0%         2d3       100%        4
 Flame Wave               Conj/Fire      0%         2d4       100%        4
 Fulminant Prism          Conj/Alch      0%         3d5       100%        4
 Iskenderun's Mystic Bla  Conj/Tloc      0%         2d3       100%        4
 Sticky Flame             Fire/Alch      0%         2d4       100%        4
 Alistair's Intoxication  Alch           0%         N/A       100%        5
 Curse of Agony           Necr           0%         N/A       100%        5
 Iskenderun's Battlesphe  Conj           0%         2d6       100%        5
 Silence                  Hex/Air        0%         N/A       100%        5
 Bombard                  Conj/Erth      0%         9d1       100%        6
 Summon Ice Beast         Ice/Summ       Unusable   N/A       N/A         3
 Summon Mana Viper        Hex/Summ       Unusable   N/A       N/A         5
 Monstrous Menagerie      Summ           Unusable   N/A       N/A         7
 Spellforged Servitor     Conj/Summ      Unusable   N/A       N/A         7

Dungeon Overview and Level Annotations

Branches:
Dungeon (12/15)            Temple (1/1) D:7            Lair (3/5) D:8
  Swamp (0/4) Lair:3        Snake (0/4) Lair:3          Orc (2/2) D:11
    Elf (0/3) Orc:2        Bailey (visited)         Gauntlet (visited)

Altars:
Ashenzari
Cheibriados
Dithmenos
Elyvilon
Fedhas
Gozag
Hepliaklqana
Kikubaaqudgha
Makhleb
Nemelex Xobeh
Okawaru
Qazlal
Ru
Sif Muna
Trog
Uskayaw
Vehumet
Wu Jian
Xom
Yredelemnul
Zin
The Shining One
Lugonu

Shops:
D:3 [   D:6 *

Annotations:
D:12 Jorgrun
Orc:2 Nessos


Innate Abilities, Weirdness & Mutations

You have a pair of horns on your head.
You reflexively headbutt those who attack you in melee.


Message History

Nessos shoots an arrow.
The arrow hits you but does no damage.
You feel much better.
Nessos shoots an arrow.
You block the arrow.
Nessos shoots an arrow.
You block the arrow.
Nessos shoots an arrow.
The arrow hits you but does no damage.
Nessos shoots an arrow.
You block the arrow.
Nessos shoots an arrow.
You block the arrow.
Nessos shoots an arrow.
The arrow hits you!
* * * LOW HITPOINT WARNING * * *
The arrow burns you.
You are poisoned.
* * * LOW HITPOINT WARNING * * *
Nessos shoots an arrow.
You block the arrow.
You feel very sick.
Nessos shoots an arrow.
The arrow barely misses you.
Nessos shoots an arrow.
The arrow hits you but does no damage.
You feel very sick.
You feel very sick.
Nessos shoots an arrow.
The arrow hits you.
* * * LOW HITPOINT WARNING * * *
The arrow burns you.
* * * LOW HITPOINT WARNING * * *
Nessos gestures wildly while chanting.
Nessos blinks!
You feel much better.
You feel sick.
Nessos shoots an arrow.
The arrow hits you!!
* * * LOW HITPOINT WARNING * * *
The arrow burns you.
You are lethally poisoned!
* * * LOW HITPOINT WARNING * * *
You feel much better.
* * * LOW HITPOINT WARNING * * *
You feel extremely sick.
Nessos shoots an arrow.
The arrow hits you!
* * * LOW HITPOINT WARNING * * *
The arrow burns you.
* * * LOW HITPOINT WARNING * * *
Nessos shoots an arrow.
The arrow hits you but does no damage.
You feel better.
Nessos shoots an arrow.
You block the arrow.
Nessos shoots an arrow.
The arrow hits you!
You die...

#.................
##.#.##........>..
#####.#.......... #
#........#.... ##.# ###
#.......###... #...
##.#######.#...## #..
##...###...#.#.##....##
###...................##
##.#.......c...@#.##.###
#......#.....#.#######
##......#.....##
#..............##
##..............#
##...............#
.##...##......)..#
..#..#........).##
.............).##


You could see Nessos (fast).

Vanquished Creatures
  A minotaur (Gauntlet)
  5 hydras
  2 boulder beetles
  14 death yaks (Lair:2)
  A two-headed ogre (D:11)
  Sonja (Lair:2)
  Amaemon (D:9)
  A skyshark (Lair:3)
  Pikel (D:8)
  2 orc knights (D:11)
  4 elephants (Lair:3)
  6 black mambas (Lair:1)
  Joseph (D:9)
  An orange demon (D:9)
  A gargoyle (D:10)
  9 cane toads
  A rime drake (Lair:2)
  6 komodo dragons
  An unseen horror (D:11)
  2 trolls
  2 tyrant leeches
  A hornet (D:9)
  5 polar bears
  13 blink frogs
  9 slime creatures
  7 shadows
  37 yaks
  A wyvern (Lair:3)
  A wraith (D:9)
  3 hogs
  A basilisk (Lair:1)
  A warg (Orc:2)
  2 steam dragons
  6 vampire mosquitoes
  6 swamp worms
  2 nagas (Lair:3)
  Duvessa (D:5)
  An acid dragon (D:8)
  15 water moccasins
  21 orc warriors
  2 ice beasts (D:6)
  2 sky beasts
  3 black bears
  6 wolves (Lair:1)
  4 ogres
  8 centaurs
  A kobold brigand (D:8)
  5 phantoms
  6 bullfrogs
  5 wights (D:9)
  Dowan (D:5)
  10 killer bees
  8 howler monkeys
  A crimson imp (D:4)
  A bombardier beetle (D:6)
  3 hounds
  17 orc priests
  8 jellies
  A gnoll bouda (D:9)
  Jessica (D:2)
  An iguana (D:6)
  13 orc wizards
  A sleepcap (D:6)
  24 gnolls
  12 adders
  A shadow imp (D:5)
  An ufetubus (D:6)
  2 ribbon worms
  62 orcs
  9 endoplasms
  2 giant cockroaches
  12 goblins
  6 hobgoblins
  4 jackals (D:3)
  3 quokkas
  6 ball pythons
  4 bats
  6 frilled lizards
  11 kobolds
  5 rats
474 creatures vanquished.

Vanquished Creatures (others)
  An iguana (Lair:3)
  A quokka (D:5)
2 creatures vanquished.

Grand Total: 476 creatures vanquished

Notes
Turn   | Place    | Note
-------+----------+-------------------------------------------
     0 | D:1      | Peloso the Minotaur Fighter began the quest for the Orb.
     0 | D:1      | Reached XP level 1. HP: 19/19 MP: 0/0
   218 | D:1      | Reached XP level 2. HP: 24/27 MP: 1/1
   457 | D:1      | Reached skill level 3 in Long Blades
   511 | D:1      | Reached XP level 3. HP: 33/33 MP: 2/2
   988 | D:2      | Noticed Jessica
   993 | D:2      | Killed Jessica
  1091 | D:2      | Reached XP level 4. HP: 40/40 MP: 3/3
  1939 | D:3      | Reached skill level 4 in Long Blades
  2039 | D:3      | Found a glowing golden altar of the Shining One.
  2345 | D:3      | Found an ornate altar of the Wu Jian Council.
  2545 | D:3      | Found an ancient bone altar of Kikubaaqudgha.
  2545 | D:3      | Found a hazy altar of Hepliaklqana.
  2648 | D:3      | Found Ypneituje's Armour Shop.
  2869 | D:4      | Reached skill level 1 in Dodging
  2869 | D:4      | Reached XP level 5. HP: 46/46 MP: 4/4
  2926 | D:4      | Noticed a phantom
  2943 | D:4      | Killed a phantom
  2944 | D:4      | Reached skill level 5 in Long Blades
  2944 | D:4      | Reached skill level 5 in Armour
  3065 | D:4      | Found a hide-covered altar of Uskayaw.
  3285 | D:4      | Found a radiant altar of Vehumet.
  3285 | D:4      | Found a burning altar of Makhleb.
  3294 | D:4      | Reached XP level 6. HP: 53/53 MP: 5/5
  3378 | D:4      | Reached skill level 1 in Stealth
  3457 | D:4      | Found a bloodstained altar of Trog.
  3848 | D:5      | Entered Level 5 of the Dungeon
  3915 | D:5      | Reached skill level 6 in Long Blades
  3949 | D:5      | Reached XP level 7. HP: 39/60 MP: 6/6
  3955 | D:5      | Noticed Duvessa
  3955 | D:5      | Noticed Dowan
  4149 | D:4      | Reached skill level 7 in Long Blades
  4278 | D:5      | Killed Duvessa
  4279 | D:5      | Reached skill level 5 in Fighting
  4468 | D:5      | Killed Dowan
  4469 | D:5      | Reached skill level 5 in Shields
  4994 | D:5      | Found a white marble altar of Elyvilon.
  5060 | D:5      | Reached XP level 8. HP: 65/68 MP: 7/7
  5223 | D:5      | Reached skill level 8 in Long Blades
  6009 | D:6      | Found a shimmering altar of Xom.
  6154 | D:6      | Found an opulent altar of Gozag.
  6305 | D:6      | Reached skill level 9 in Long Blades
  6355 | D:6      | Reached XP level 9. HP: 75/75 MP: 8/8
  6488 | D:6      | Found Cusseiz's Assorted Antiques.
  6496 | D:6      | Bought a scroll labelled MEVAIG MUIWK for 34 gold pieces
  6606 | D:7      | Found a flagged portal.
  6654 | Bailey   | Entered a bailey
  7241 | D:7      | Reached skill level 10 in Long Blades
  7329 | D:7      | Found a staircase to the Ecumenical Temple.
  7611 | D:7      | Reached skill level 1 in Evocations
  8036 | Temple   | Entered the Ecumenical Temple
  8051 | Temple   | Became a worshipper of Warmaster Okawaru
  8099 | D:8      | Found a staircase to the Lair.
  8146 | D:8      | Reached skill level 5 in Dodging
  8372 | D:8      | Noticed Pikel
  8384 | D:8      | Killed Pikel
  8384 | D:8      | Reached * piety under Okawaru
  8458 | D:8      | Reached skill level 11 in Long Blades
  8458 | D:8      | Reached XP level 10. HP: 84/84 MP: 9/9
  9254 | D:8      | Reached ** piety under Okawaru
  9593 | D:9      | Noticed Joseph
  9601 | D:9      | Killed Joseph
  9602 | D:9      | Reached skill level 12 in Long Blades
  9615 | D:9      | Noticed Amaemon
  9624 | D:9      | Noticed an orange demon
  9627 | D:9      | Killed Amaemon
  9636 | D:9      | Killed an orange demon
  9648 | D:9      | Identified the +1 sling of No Interval {antimagic, rPois}
 10247 | D:9      | Found a snail-covered altar of Cheibriados.
 10329 | D:9      | Reached *** piety under Okawaru
 10480 | D:10     | Entered Level 10 of the Dungeon
 10552 | D:10     | Noticed a gargoyle
 10559 | D:10     | Killed a gargoyle
 10560 | D:10     | Reached XP level 11. HP: 48/93 MP: 10/10
 10580 | D:10     | Reached skill level 13 in Long Blades
 10663 | D:10     | Found a shimmering blue altar of Sif Muna.
 10827 | D:10     | Reached **** piety under Okawaru
 10971 | D:10     | Found a blossoming altar of Fedhas.
 10971 | D:10     | Found a stormy altar of Qazlal.
 11175 | D:11     | Found a staircase to the Orcish Mines.
 11287 | D:11     | Noticed a boulder beetle
 11302 | D:11     | Killed a boulder beetle
 11406 | D:11     | Found a radiant altar of Vehumet.
 11922 | Lair:1   | Entered Level 1 of the Lair of Beasts
 11991 | Lair:1   | Reached skill level 10 in Armour
 12213 | Lair:1   | Reached ***** piety under Okawaru
 12223 | Lair:1   | Reached skill level 14 in Long Blades
 12275 | Lair:1   | Received a gift from Okawaru
 12309 | Lair:1   | Found the +8 whip "Snakebite" {venom, curare, rPois}
 12568 | Lair:1   | Reached skill level 10 in Fighting
 12568 | Lair:1   | Reached skill level 10 in Shields
 12992 | Lair:1   | Reached XP level 12. HP: 65/106 MP: 11/11
 13441 | Lair:2   | Noticed a death yak
 13460 | Lair:2   | Killed a death yak
 13534 | Lair:2   | Noticed Sonja
 13536 | Lair:2   | Killed Sonja
 13563 | Lair:2   | Noticed a death yak
 13563 | Lair:2   | Noticed a death yak
 13564 | Lair:2   | Noticed a death yak
 13564 | Lair:2   | Noticed a death yak
 13565 | Lair:2   | Noticed a death yak
 13566 | Lair:2   | Noticed a death yak
 13584 | Lair:2   | Killed a death yak
 13594 | Lair:2   | Killed a death yak
 13615 | Lair:2   | Killed a death yak
 13621 | Lair:2   | Killed a death yak
 13635 | Lair:2   | Killed a death yak
 13635 | Lair:2   | Received a gift from Okawaru
 13652 | Lair:2   | Killed a death yak
 13786 | Lair:2   | Reached skill level 15 in Long Blades
 14007 | Lair:2   | Received a gift from Okawaru
 14205 | Lair:2   | Noticed a death yak
 14206 | Lair:2   | Noticed a death yak
 14206 | Lair:2   | Noticed a death yak
 14212 | Lair:2   | Noticed a death yak
 14212 | Lair:2   | Noticed a death yak
 14215 | Lair:2   | Noticed a death yak
 14222 | Lair:2   | Killed a death yak
 14231 | Lair:2   | Killed a death yak
 14232 | Lair:2   | Reached skill level 1 in Invocations
 14232 | Lair:2   | Reached XP level 13. HP: 109/117 MP: 10/12
 14670 | Lair:2   | Reached skill level 1 in Axes
 14681 | Lair:2   | Received a gift from Okawaru
 14833 | Lair:3   | Found a staircase to the Snake Pit.
 14895 | Lair:3   | Found a gate leading to a gauntlet.
 14909 | Gauntlet | Entered a Gauntlet
 14909 | Gauntlet | Found a transporter.
 14912 | Gauntlet | Found a transporter.
 14914 | Gauntlet | Found a transporter.
 14914 | Gauntlet | Found a transporter.
 14914 | Gauntlet | Noticed a dire elephant
 14917 | Gauntlet | Found a transporter.
 14918 | Gauntlet | Found a transporter.
 14923 | Gauntlet | Noticed a green death
 14929 | Gauntlet | Found a transporter.
 14962 | Gauntlet | Found a transporter.
 14962 | Gauntlet | Found a transporter.
 14966 | Gauntlet | Found a transporter.
 15001 | Gauntlet | Found a transporter.
 15019 | Gauntlet | Found a transporter.
 15400 | Gauntlet | Identified the ring "Cielunef" {rElec rC+ Will+ SInv}
 15452 | Gauntlet | Identified the amulet "Medghui" {Reflect rPois rN+ Str-2
                  | Int+3 SH+5}
 15473 | Gauntlet | Identified the +3 shortbow of Reagi {heavy, rPois}
 15473 | Gauntlet | Noticed a minotaur
 15489 | Gauntlet | Killed a minotaur
 15761 | Lair:3   | Reached skill level 16 in Long Blades
 15819 | Lair:3   | Received a gift from Okawaru
 16601 | Lair:3   | Found a staircase to the Swamp.
 17122 | D:12     | Received a gift from Okawaru
 17139 | D:12     | Reached XP level 14. HP: 115/129 MP: 14/14
 17284 | D:12     | Noticed Jorgrun
 17372 | Orc:1    | Entered Level 1 of the Orcish Mines
 17744 | Orc:2    | Entered Level 2 of the Orcish Mines
 17789 | Orc:2    | Found a staircase to the Elven Halls.
 17921 | Orc:2    | Noticed Nessos
 17945 | Orc:2    | HP: 6/126 [Nessos/arrow (2)]
 17947 | Orc:2    | HP: 1/126 [Nessos/arrow (3)]
 17948 | Orc:2    | Shot with an arrow by Nessos

Illustrated notes

Levels and vault maps discovered:
D:1:      elethiomel_arrival_shortcut, layout_basic, kennysheep_flooded_box,
          minmay_tromino_v4_b
D:2:      layout_loops_corners, serial_forest, infiniplex_forest_end_3,
          infiniplex_forest_straight_2, infiniplex_forest_straight_5,
          infiniplex_forest_zigzag_1, infiniplex_forest_corner_1,
          infiniplex_forest_straight_2, uniq_jessica
D:3:      layout_loops_ring, tso_metal_star, nzn_wu_jian_contemplation,
          gammafunk_temple_overflow_elements, serial_shops,
          nicolae_shop_hallway_plus
D:4:      layout_basic, grunt_temple_overflow_lords_of_destruction,
          eat_drink_and_be_merry_uskayaw, nicolae_overflow_crystal_walls,
          serial_bayou, serial_bayou_lake_a, serial_bayou_ford_a,
          serial_bayou_pond_c, serial_bayou_crossing, serial_bayou_pond_e,
          serial_bayou_pond_c, nicolae_elevator_lobby_plus
D:5:      layout_rooms, elyvilon_altar_4, kennysheep_doodads,
          chequers_big_river, uniq_duvessa
D:6:      kennysheep_spiral_hall, layout_cave_pools, lemuel_tele_altar,
          mainiacjoe_overflow_alcove_4, serial_shops,
          nicolae_shop_getting_attention, hangedman_decor_growths
D:7:      layout_loops_ring, minmay_temple_entry_large_hall, enter_bailey_5
D:8:      layout_gridville, dpeg_oklobed_lair, grunt_ministairs_5, uniq_pikel
D:9:      layout_roguey, slow_altar_2, serial_aquarium,
          aquarium_bridge_long_separate [aquarium_subvault_bridge,
          aquarium_subvault_wall, aquarium_subvault_balcony,
          aquarium_subvault_balcony, aquarium_subvault_wall,
          aquarium_subvault_bridge], aquarium_window_1, aquarium_window_2,
          aquarium_window_1, aquarium_view_2f, aquarium_view_2c,
          aquarium_balcony_1b, uniq_joseph, uniq_amaemon
D:10:     layout_roguey, grunt_temple_overflow_forces_of_nature,
          lemuel_blue_sif_altar
D:11:     layout_gridville, david_orc_2, vehumet_altar_wand_db
D:12:     layout_cave_pools, kennysheep_small_spiral, st_stairs_13,
          lemuel_flamethrower_2, uniq_jorgrun, uniq_fannar, uniq_kirke
Temple:   corrupted_temple
Lair:1:   minmay_guarded_unrand_snakebite, layout_cave_pods,
          infiniplex_staircase_pool
Lair:2:   layout_roguey, minmay_shattered_shrine, infiniplex_staircase_pool_2,
          uniq_sonja
Lair:3:   layout_loops_ring, palyth_hydra_swamp_entry,
          guppyfry_snake_entry_island, gauntlet_entry_generic, minivault_19
Orc:1:    layout_caves, basic_altar
Orc:2:    pf_orc_diabolical, layout_caves, basic_altar, uniq_nessos

Skill      XL: |  1  2  3  4  5  6  7  8  9 10 11 12 13 |
---------------+----------------------------------------+-----
Shields        | 4 5 6 7 8 10 11 12 | 12.7
Armour         | 4 5 6 7 8 9 10 12 14 | 14.9
Long Blades    | 3 4 5 6 7 9 11 12 14 15 16 | 16.4
Fighting       | 4 5 6 8 10 11 13 | 13.8
Dodging        | 1 2 3 5 6 7 |  7.2
Stealth        | 1 2 |  2.2
Evocations     | 1 |  1.9
Invocations    | 1 |  1.5
Axes           | 2 |  2.5

Action                     |  1- 3 |  4- 6 |  7- 9 | 10-12 | 13-15 || total
---------------------------+-------+-------+-------+-------+-------++-------
  Melee: Long sword        |    70 |   199 |   310 |    38 |       ||   617
         Headbutt          |     7 |    41 |    70 |   200 |   152 ||   470
         Scimitar          |       |       |       |   711 |   557 ||  1268
         Hand axe          |       |       |       |       |    35 ||    35
 Invoke: Heroism           |       |       |       |     9 |     9 ||    18
  Evoke: Wand              |       |       |     5 |     2 |     6 ||    13
    Use: Scroll            |       |     3 |     3 |     6 |     6 ||    18
         Potion            |       |       |     1 |     2 |    10 ||    13
 Armour: Scale mail        |    46 |    97 |   206 |   202 |       ||   551
         Chain mail        |       |    14 |       |       |       ||    14
         Plate armour      |       |       |       |   190 |   584 ||   774
  Dodge: Dodged            |    43 |    63 |   187 |   327 |   334 ||   954
  Block: Buckler           |    18 |    36 |    94 |   223 |   240 ||   611
